 Dungeon Crawl Stone Soup version 0.29-a0-393-g47a863cc1b (webtiles) character file.

Game seed: 12830189899579509436

4 trckry the Caller (level 1, -1/7 HPs)
             Began as a Felid Summoner on May 11, 2022.
             Frozen to death by an endoplasm (5 damage)
             ... on level 1 of the Dungeon.
             The game lasted 00:00:37 (311 turns).

trckry the Caller (Felid Summoner)                   Turns: 311, Time: 00:00:37

Health: -1/7       AC:  1    Str:  4    XL:     1   Next: 50%
Magic:  4/4        EV: 17    Int: 16    God:
Gold:   7          SH:  0    Dex: 16    Spells: 3/4 levels left
                                        Lives:  0   Deaths: 0

rFire   . . .      SeeInvis +   (weapon unavailable)
rCold   . . .      Faith    .   (shield unavailable)
rNeg    . . .      Spirit   .   (body armour unavailable)
rPois   .          Reflect  .   (helmet unavailable)
rElec   .          Harm     .   (cloak unavailable)
rCorr   .          Rampage  .   (gloves unavailable)
Will    .....                   (boots unavailable)
Stlth   ++........              (no amulet)
HPRegen 0.02/turn               (no ring)
MPRegen 0.09/turn               (no ring)

@: quick
A: very small, claws 1, fangs 3, see invisible, speed 1, shaggy fur 1, stealthy
paws, no weapons or thrown items, no armour, multi-lived
a: no special abilities


You were on level 1 of the Dungeon.
You visited 1 branch of the dungeon, and saw 2 of its levels.

You collected 7 gold pieces.

Inventory:

Scrolls
 b - a scroll of identify {unknown}
Potions
 a - a potion of magic


   Skills:
 - Level 2.6 Dodging
 - Level 2.6 Stealth
 + Level 2.1 Spellcasting
 * Level 4.1 Summonings


You had 3 spell levels left.
You knew the following spells:

 Your Spells              Type           Power      Damage    Failure   Level
a - Summon Small Mammal   Summ           56%        N/A       3%          1

Your spell library contained the following spells:

 Spells                   Type           Power      Damage    Failure   Level
 Call Imp                 Summ           14%        N/A       5%          2
 Call Canine Familiar     Summ           14%        N/A       11%         3
 Summon Guardian Golem    Hex/Summ       8%         N/A       26%         3
 Summon Lightning Spire   Summ/Air       8%         N/A       65%         4


Dungeon Overview and Level Annotations

Branches:
Dungeon (2/15)

Altars:


Innate Abilities, Weirdness & Mutations

You have sharp claws.
You have razor-sharp teeth.
You have supernaturally acute eyesight. (SInv)
You cover ground quickly. (Speed+)
You are covered in fur. (AC +1)
Your paws help you pounce on unaware monsters.
You are incapable of wielding weapons or throwing items.
You cannot wear armour.
You gain extra lives every three experience levels.


Message History

You now have 3/4 mp.
Casting: Summon Small Mammal (safe; 3% risk of failure)
Confirm with . or Enter, or press ? or * to list all spells.
The goblin closely misses your bat.
Your bat closely misses the goblin.
You now have 2/4 mp.
Your bat barely misses the goblin.
The goblin hits your bat with a +0 dagger.
Your bat hits the goblin. x2
Your bat hits the goblin. x2
The goblin dies!
You swap places.
Your bat disappears in a puff of smoke!
b - a scroll labelled MUHATT ATHUICS
Things that are here:
a +0 dagger; a goblin corpse MP restored: 4
Found 9 stones and 8 gold pieces.
You see here 13 stones.
An endoplasm comes into view.
An endoplasm is nearby!
Your bat disappears in a puff of smoke!
You see here 8 gold pieces.
The endoplasm quivers.
You scratch the endoplasm.
The endoplasm is moderately wounded.
The endoplasm misses you.
You scratch the endoplasm but do no damage.
The endoplasm is moderately wounded.
The endoplasm closely misses you.
You scratch the endoplasm.
The endoplasm is severely wounded.
The endoplasm freezes you.
You are frozen.
You take 3 damage, and have 4/7 hp.
MASSIVE DAMAGE!!
You scratch the endoplasm but do no damage.
The endoplasm is severely wounded.
The endoplasm freezes you.
You are frozen.
Ouch! That really hurt!
You die...

##..####.# #..#.
.........###..#.
.......>........
......##........
##.##.##........
#.#...#.#...
#..###.##...
#.#♣♣♣♣♣♣#..# #......
#..J@$....(.###.##.##
###♣♣♣♣♣♣..........#.
#(.......).......
#.....###########
##...## ####


You could see an endoplasm.

Vanquished Creatures
  An endoplasm (D:1)
1 creature vanquished.

Vanquished Creatures (collateral kills)
  A goblin (D:1)
  A hobgoblin (D:1)
2 creatures vanquished.

Grand Total: 3 creatures vanquished

Notes
Turn   | Place    | Note
-------+----------+-------------------------------------------
     0 | D:1      | trckry the Felid Summoner began the quest for the Orb.
     0 | D:1      | Reached XP level 1. HP: 7/7 MP: 4/4
    13 | D:1      | You fall into a shaft and drop 1 floor!
   311 | D:1      | Frozen to death by an endoplasm

Illustrated notes

Levels and vault maps discovered:
D:1:      dpeg_arrival_rhombi, layout_loops_ring,
          dreamdust_ecumenical_altar_hidden_monk_grotto, serial_forest,
          infiniplex_forest_straight_2, infiniplex_forest_straight_2,
          infiniplex_forest_clump_medium, infiniplex_forest_straight_1,
          infiniplex_forest_straight_2, infiniplex_forest_lined_corner,
          infiniplex_forest_lined_room_2, serial_bayou_lagoon_a
D:2:      layout_loops_ring, basic_altar, hex_tiny

Action                   || total
-------------------------++-------
Melee: Unarmed           ||     7
 Cast: Summon Small Mamm ||     6
 Stab: Distracted        ||     1
Dodge: Dodged            ||     5

Table legend: (Time is in decaauts)
 A = Elapsed time spent in this place.
 B = Non-inter-level travel time spent in this place.
 C = Inter-level travel time spent in this place.
 D = Time resting spent in this place.
 E = Time spent auto-exploring this place.
 F = Levels seen in this place.
 G = Mean time per level.
                   A        B        C        D        E       F      G
               +--------+--------+--------+--------+--------+-----+--------+
         Total |    294 |    294 |      0 |      0 |    241 |   2 |  147.0 |
       Dungeon |    294 |    294 |      0 |      0 |    241 |   2 |  147.0 |
               +--------+--------+--------+--------+--------+-----+--------+

Top non-repeatable levels by time:
     D:1: 265 daAuts
     D:2: 29 daAuts
